 Dungeon Crawl Stone Soup version 0.31-a0-542-gdc2a67831c (webtiles) character file.

Game seed: 14273173400914577868

142 Arcadio the Shooter (level 5, 0/42 HPs)
             Began as a Formicid Hunter on Aug 14, 2023.
             Killed from afar by a white imp (8 damage)
             ... with a puff of frost
             ... on level 4 of the Dungeon.
             The game lasted 00:05:51 (2473 turns).

Arcadio the Shooter (Formicid Hunter)               Turns: 2473, Time: 00:05:53

Health: 0/42       AC:  5    Str: 22    XL:     5   Next: 50%
Magic:  5/5        EV: 11    Int:  8    God:
Gold:   93         SH:  0    Dex: 19    Spells: 4/4 levels left

rFire   . . .        b - +0 dagger
rCold   . . .        (no shield)
rNeg    . . .        i - +0 ring mail
rPois   .            (helmet unavailable)
rElec   .            (cloak currently unavailable)
rCorr   .            (gloves currently unavailable)
SInv    +            (boots currently unavailable)
Will    .....        n - amulet of regeneration
Stlth   +            q - +6 ring of strength
HPRegen 1.07/turn    (no ring)
MPRegen 0.09/turn

%: no passive effects
@: beast-form
A: beast (slay +0), permanent stasis, dig shafts and tunnels, antennae 3, four
strong arms
a: Dig, Shaft Self, Begin Untransformation


You were on level 4 of the Dungeon.
You were a hulking beast.
You visited 1 branch of the dungeon, and saw 3 of its levels.

You collected 93 gold pieces.

Inventory:

Hand Weapons
 a - a +0 shortbow
 b - a +0 dagger (weapon)
Armour
 c - a +0 leather armour
 h - a +0 scale mail
 i - a +0 ring mail (worn)
Jewellery
 n - an amulet of regeneration (around neck)
 q - a +6 ring of strength (left hand)
Talismans
 o - a beast talisman (active)
Scrolls
 d - 3 scrolls of identify {unknown}
 j - a scroll of vulnerability
 k - a scroll of enchant armour {unknown}
 m - a scroll of butterflies
 p - 2 scrolls of torment {unknown}
 r - a scroll of immolation {unknown}
Potions
 e - 2 potions of curing {unknown}
 f - a potion of enlightenment {unknown}
 g - 2 potions of mutation {unknown}
 l - 2 potions of heal wounds {unknown}
 s - a potion of cancellation {unknown}


   Skills:
 + Level 3.8 Fighting
 + Level 4.9 Ranged Weapons
 + Level 2.7 Armour
 - Level 1.7 Dodging
 - Level 1.2 Stealth


You had 4 spell levels left.
You didn't know any spells.
Your spell library contained the following spells:

 Spells                   Type           Power      Damage    Failure   Level
 Cigotuvi's Dreadful Rot  Necr/Pois/Air  0%         N/A       71%         2
 Dispel Undead            Necr           0%         3d6       100%        4
 Death Channel            Necr           0%         N/A       100%        6


Dungeon Overview and Level Annotations

Branches:
Dungeon (2/15) Zot: 15502

Altars:
Gozag
Sif Muna
Wu Jian


Innate Abilities, Weirdness & Mutations

You are a hulking beast.
Your limbs bulge with bestial killing power. (Slay +0)
You cannot be hasted, slowed, berserked, paralysed or teleported.
You can dig through walls and to a lower floor.
You have a pair of large antennae on your head. (SInv)
Your four strong arms can wield two-handed weapons with a shield.


Message History

The hound is severely wounded.
The hound bites you.
A white imp comes into view.
A kobold comes into view. It is wielding a +0 dagger.
The hound bites you.
The kobold shouts!
You hit the hound but do no damage.
The hound is severely wounded.
The hound closely misses you.
You hit the hound.
The hound is almost dead.
The hound closely misses you. The white imp gestures at you.
The puff of frost hits you. The hound bites you.
You hit the hound but do no damage.
The hound is almost dead.
The white imp grinds its teeth.
The white imp barely misses you. The hound misses you.
You barely miss the hound.
The hound is almost dead.
The hound bites you. The white imp barely misses you. The hound bites you.
You barely miss the hound.
The hound is almost dead.
The white imp gestures at you. The puff of frost hits you. The hound bites you.
You hit the hound.
The hound is almost dead.
The hound misses you. The white imp closely misses you.
The hound barely misses you.
You miss the hound.
The hound is almost dead.
The white imp hits you. The white imp freezes you. The hound bites you.
The hound bites you.
The white imp hits you but does no damage.
The hound bites you.
* * * LOW HITPOINT WARNING * * *
You begin to dig a shaft.
You continue digging a shaft.
The white imp gestures at you. The puff of frost hits you!
You die...

..≈.
#####...§.§.§§§§§§.
.......§≈≈≈ §§§≈≈.
### .......... ..§.!.
.. ..........
.......) # #####...##
#.#..#. .# #...#
#.#.K. .. #...#
#.##5#,.####
#...#####.##h#......
#####...........h...#
......###.........###
..###.#
#.#######.....
).###.# #.# .###.#
...##.. #.# .#
..........# .#
........#.# .#
.########.# .#


You could see a hound, a white imp and a kobold.

Vanquished Creatures
  Natasha (thrice) (D:2)
  Robin (D:1)
  2 adders
  A dart slug (D:1)
  2 ball pythons (D:1)
  5 endoplasms
  2 giant cockroaches
  8 goblins
  5 hobgoblins
  A quokka (D:2)
  2 bats
  A frilled lizard (D:2)
  3 kobolds
  2 rats
38 creatures vanquished.

Notes
Turn   | Place    | Note
-------+----------+-------------------------------------------
     0 | D:1      | Arcadio the Formicid Hunter began the quest for the Orb.
     0 | D:1      | Reached XP level 1. HP: 16/16 MP: 1/1
   208 | D:1      | Reached XP level 2. HP: 23/23 MP: 2/2
   332 | D:1      | Reached skill level 1 in Armour
  1020 | D:1      | Found a faded altar of an unknown god.
  1154 | D:2      | Reached XP level 3. HP: 28/28 MP: 3/3
  1169 | D:2      | Noticed Natasha
  1176 | D:2      | Killed Natasha
  1177 | D:2      | Reached XP level 4. HP: 28/35 MP: 4/4
  1477 | D:2      | Noticed Robin
  1674 | D:1      | Killed Robin
  1949 | D:2      | Noticed Natasha
  1958 | D:2      | Killed Natasha
  1959 | D:2      | Reached XP level 5. HP: 40/41 MP: 5/5
  2177 | D:2      | Noticed Natasha
  2216 | D:2      | Killed Natasha
  2228 | D:2      | You fall into a shaft and drop 2 floors!
  2313 | D:4      | Found an ornate altar of the Wu Jian Council.
  2313 | D:4      | Found an opulent altar of Gozag.
  2313 | D:4      | Found a shimmering blue altar of Sif Muna.
  2473 | D:4      | Killed from afar by a white imp

Illustrated notes

Levels and vault maps discovered:
D:1:      giann_wishing_wells, layout_basic,
          shapermc_ecumenical_altar_hornbeckon
D:2:      layout_basic, uniq_natasha, uniq_robin
D:4:      layout_loops_cross, gammafunk_temple_overflow_forgotten,
          mainiacjoe_overflow_concentric_impassable

Skill      XL: |  1  2  3  4 |
---------------+-------------+-----
Armour         | 1 2 |  2.7
Fighting       | 3 |  3.8
Ranged Weapons | |  4.9
Dodging        | |  1.7
Stealth        | |  1.2

Action                     |  1- 3 |  4- 6 || total
---------------------------+-------+-------++-------
  Melee: Dagger            |       |   102 ||   102
   Fire: Shortbow          |    34 |    42 ||    76
Ability: Dig               |     1 |       ||     1
         Shaft Self        |       |     2 ||     2
    Use: Scroll            |       |     1 ||     1
 Armour: Leather armour    |     1 |       ||     1
         Ring mail         |       |    47 ||    47
  Dodge: Dodged            |     4 |    83 ||    87
   Form: Beast             |       |     1 ||     1

Table legend: (Time is in decaauts)
 A = Elapsed time spent in this place.
 B = Non-inter-level travel time spent in this place.
 C = Inter-level travel time spent in this place.
 D = Time resting spent in this place.
 E = Time spent auto-exploring this place.
 F = Levels seen in this place.
 G = Mean time per level.
                   A        B        C        D        E       F      G
               +--------+--------+--------+--------+--------+-----+--------+
         Total |   2496 |   2437 |     59 |    585 |   1421 |   3 |  832.0 |
       Dungeon |   2496 |   2437 |     59 |    585 |   1421 |   3 |  832.0 |
               +--------+--------+--------+--------+--------+-----+--------+

Top non-repeatable levels by time:
     D:1: 1732 daAuts
     D:2: 520 daAuts
     D:4: 243 daAuts
